AoeStats
← Cuervo

Arabia

507405446Analyzed
3v3 RM · 14d ago on Sep 18, 2026· 51m 36s· 6 players
Game mode
Random Map
Map size
Normal (6 player)
Population
200
Speed
Normal
Resources
Standard
Victory
Conquest
Starting age
Dark Age
Ending age
Imperial Age
RankedLock teamsTeams togetherTeam positionsShared explorationLock speedFull tech treeHidden civsTurbo modeCheats
Victory
Defeat
🇨🇱 Tatars · Chile
1086
+12
🇦🇷 Slavs · Argentina
1024
+14
🇦🇷 Turks · Argentina
997
+15
🇨🇦 Mapuche · Canada
1031
-15
🇩🇪 Britons · Germany
977
-13
🇲🇽 Byzantines · Mexico
961
-13
holuonganhduc
11:32 Feudal Age
12:14 Double-Bit Axe
14:07 Loom
20:41 Castle Age
18:55 Stone Mining
19:20 Horse Collar
21:08 Pikeman
25:59 Forging
25:40 Fletching
27:24 Bodkin Arrow
33:47 Elite Skirmisher
37:33 Bow Saw
37:21 Gold Mining
38:55 Heavy Plow
41:40 Wheelbarrow
40:51 Town Watch
42:28 Scale Mail Armor
43:04 Iron Casting
47:40 Imperial Age
46:29 Chain Mail Armor
46:15 Padded Archer Armor
47:24 Champi Runner
47:50 Arson
xSercho
7:17 Loom
9:24 Feudal Age
11:05 Double-Bit Axe
16:13 Fletching
16:23 Padded Archer Armor
19:58 Gold Mining
23:29 Castle Age
24:59 Crossbowman
27:02 Bodkin Arrow
28:19 Leather Archer Armor
35:47 Stone Mining
36:35 Gold Shaft Mining
40:15 Imperial Age
45:03 Yeomen
44:58 Town Watch
48:08 Ballistics
49:29 Chemistry
48:28 Horse Collar
49:59 Elite Longbowman
Poten
1:04 Loom
10:17 Feudal Age
10:44 Double-Bit Axe
11:48 Loom
21:18 Castle Age
20:47 Horse Collar
21:04 Fletching
22:45 Bow Saw
25:23 Wheelbarrow
24:52 Elite Skirmisher
26:32 Bodkin Arrow
27:21 Heavy Plow
27:24 Padded Archer Armor
27:30 Gold Mining
28:30 Scale Mail Armor
29:50 Leather Archer Armor
30:55 Ballistics
32:20 Thumb Ring
33:17 Hand Cart
32:48 Treadmill Crane
36:50 Imperial Age
35:20 Careening
35:11 Murder Holes
40:09 Hoardings
40:30 Bracer
41:33 Chemistry
41:58 Crop Rotation
42:29 Two-Man Saw
42:02 Ring Archer Armor
42:10 Elite Cataphract
43:05 Scale Barding Armor
43:10 Forging
43:08 Husbandry
46:53 Chain Barding Armor
47:08 Iron Casting
48:30 Pikeman
48:56 Gambesons
49:11 Squires
VZ | Thyrfing
6:05 Loom
9:09 Feudal Age
11:16 Double-Bit Axe
19:56 Fletching
21:07 Horse Collar
21:19 Gold Mining
26:22 Castle Age
24:48 Padded Archer Armor
27:49 Wheelbarrow
27:04 Crossbowman
28:28 Heavy Plow
29:43 Bow Saw
29:46 Bodkin Arrow
32:54 Heated Shot
33:35 Ballistics
36:51 Bloodlines
36:42 Husbandry
37:03 Light Cavalry
42:42 Imperial Age
41:47 Hand Cart
43:11 Leather Archer Armor
43:02 Scale Barding Armor
43:07 Forging
45:33 Chain Barding Armor
46:56 Hussar
49:30 Plate Barding Armor
49:31 Iron Casting
51:50 Chemistry
Gitu
3:02 Loom
10:44 Feudal Age
11:21 Double-Bit Axe
12:13 Horse Collar
20:45 Castle Age
20:07 Gold Mining
21:28 Wheelbarrow
21:42 Bloodlines
26:33 Forging
35:48 Scale Barding Armor
36:18 Iron Casting
39:27 Gold Shaft Mining
38:44 Stone Mining
39:37 Hand Cart
42:49 Imperial Age
42:56 Imperial Age
41:50 Chain Barding Armor
41:35 Husbandry
44:18 Plate Barding Armor
44:43 Blast Furnace
51:06 Heavy Camel Rider
Cuervo
7:16 Loom
10:01 Feudal Age
10:59 Double-Bit Axe
11:27 Horse Collar
20:59 Castle Age
18:45 Man-at-Arms
20:20 Forging
22:39 Long Swordsman
23:06 Pikeman
23:44 Gold Mining
25:09 Gold Shaft Mining
26:45 Bow Saw
26:37 Stone Mining
32:23 Scale Mail Armor
33:25 Squires
38:52 Wheelbarrow
38:30 Heavy Plow
44:01 Imperial Age
43:29 Hand Cart
44:05 Two-Handed Swordsman
45:24 Iron Casting
45:05 Chain Mail Armor
45:43 Crop Rotation
45:50 Capped Ram
47:39 Champion
51:06 Blast Furnace
50:37 Plate Mail Armor
Connection lost

Rejoining the realm…

Still unreachable

The connection could not be restored.

Session expired

The server has moved on; the page needs a fresh start.